 Dungeon Crawl Stone Soup version 0.23.2-40-g277498a (webtiles) character file.

Game seed: 16700213648313466151

1705 Fang the Skirmisher (level 9, -9/84 HPs)
             Began as a Gargoyle Berserker on Oct 18, 2019.
             Was an Elder of Trog.
             Shot with an arrow by a centaur (15 damage)
             ... on level 7 of the Dungeon.
             The game lasted 00:06:58 (5626 turns).

Fang the Skirmisher (Gargoyle Berserker)            Turns: 5626, Time: 00:06:59

Health: -9/84      AC: -7    Str: 29    XL:     9   Next: 3%
Magic:  9/9        EV: 14    Int:  8    God:    Trog [****..]
Gold:   363        SH:  0    Dex:  9    Spells: 8/8 levels left

rFire    . . .     SeeInvis .   a - -3 war axe (curse)
rCold    . . .     Gourm    .   (no shield)
rNeg     + . .     Faith    .   b - +0 animal skin
rPois    ∞         Spirit   .   (no helmet)
rElec    +         Reflect  .   (no cloak)
rCorr    .         Harm     .   n - +2 pair of gloves {archery}
MR       .....                  (no boots)
Stlth    ..........             (no amulet)
HPRegen  0.24/turn              (no ring)
MPRegen  0.11/turn              (no ring)

@: berserking, corroded, very quick
A: negative energy resistance 1, electricity resistance, unbreathing,
petrification resistance, rot immunity, AC +6
a: Berserk, Trog's Hand, Brothers in Arms, Renounce Religion


You were on level 7 of the Dungeon.
You worshipped Trog.
Trog was greatly pleased with you.
You were hungry.

You visited 2 branches of the dungeon, and saw 8 of its levels.
You also visited: Ossuary.

You collected 363 gold pieces.

Inventory:

Hand Weapons
 a - a cursed -3 war axe (weapon)
Armour
 b - a +0 animal skin (worn)
 n - a +2 pair of gloves of archery (worn)
Wands
 E - a wand of enslavement (8)
Scrolls
 g - a scroll of fog {unknown}
 h - 4 scrolls of remove curse {unknown}
 l - a scroll of enchant armour {unknown}
 m - 2 scrolls of magic mapping {unknown}
 p - 2 scrolls of torment {unknown}
 t - 3 scrolls of immolation {unknown}
 u - a scroll of noise {unknown}
 v - a scroll of teleportation {unknown}
 w - 6 scrolls of identify {unknown}
 x - a scroll of enchant weapon {unknown}
 y - a scroll of amnesia {unknown}
 A - a scroll of random uselessness {unknown}
Potions
 d - 3 potions of flight {unknown}
 e - 4 potions of cancellation {unknown}
 f - 2 potions of agility {unknown}
 i - a potion of mutation {unknown}
 j - 2 potions of brilliance {unknown}
 k - 2 potions of degeneration {unknown}
 o - a potion of curing {unknown}
 q - a potion of resistance {unknown}
 r - a potion of haste {unknown}
 s - 2 potions of might {unknown}
 z - a potion of magic {unknown}
 B - a potion of ambrosia {unknown}
 C - a potion of berserk rage {unknown}
 D - a potion of heal wounds {unknown}
Comestibles
 c - 6 rations
 F - 4 chunks of flesh


   Skills:
 + Level 6.9 Fighting
 + Level 5.7 Axes
 + Level 6.5 Armour
 + Level 4.9 Dodging


You had 8 spell levels left.
You didn't know any spells.
Your spell library was empty.

Dungeon Overview and Level Annotations

Branches:
Dungeon (7/15)             Temple (1/1) D:6

Altars:
Cheibriados
Elyvilon
Fedhas
Hepliaklqana
Okawaru
Sif Muna
Wu Jian
Xom


Innate Abilities, Weirdness & Mutations

You are resistant to torment.
Your stone body is resilient. (AC +6)
You are immune to poison.
You resist negative energy. (rN+)
You are resistant to electric shocks. (rElec)
You can survive without breathing.
You are immune to petrification.
You are immune to rotting.


Message History

You hit the jelly. The acid corrodes you!
Your hands burn!
* * * LOW HITPOINT WARNING * * *
The jelly is almost dead.
You barely miss the jelly.
The jelly is almost dead.
The jelly misses you.
You slash the jelly!
You kill the jelly!
Trog accepts your kill.
You have reached level 9!
Your experience leads to an increase in your attributes!
Your base attributes are Str 23, Int 8, Dex 9.
Increase (S)trength, (I)ntelligence, or (D)exterity?
You feel stronger.
You slice the orc wizard!!
You kill the orc wizard!
Trog accepts your kill.
Trog appreciates your killing of a magic user.
The centaur shoots an arrow.
The arrow hits you!
You die... #.. # #.#.## #.# ####.... #.## ....#.# ###.. ..... ##.... ooc

##..#.# #)# ....#.# #@#
###
....#.##########$#.....
..............>....#
....##...#####.#####
...<####..# ##.# #####
##.###..# #.##..##
#..#.######
########..........


You could see an orc warrior, a centaur and an orc.

Vanquished Creatures
  2 phantoms
  A sky beast (D:5)
  A necrophage (D:5)
  An ogre (D:4)
  A centaur (D:4)
  2 elf zombies (Ossuary)
  A gnoll sergeant (D:5)
  A jelly (D:7)
  2 howler monkeys (D:5)
  4 crimson imps
  A centaur zombie (Ossuary)
  A human zombie (Ossuary)
  3 orc priests
  2 hounds (D:4)
  An iguana (D:6)
  3 worker ants
  3 orc wizards
  4 big kobold zombies (Ossuary)
  A hound skeleton (D:4)
  2 mummies (Ossuary)
  4 gnolls (D:5)
  5 adders
  A shadow imp (D:6)
  An adder skeleton (D:6)
  5 worms
  A dart slug (D:1)
  18 orcs
  5 bats
  3 giant cockroaches
  7 goblins
  3 hobgoblins
  19 jackals
  6 kobolds
  2 quokkas (D:4)
  2 ball pythons (D:4)
  5 frilled lizards
  8 hobgoblin zombies (Ossuary)
  A jackal zombie (Ossuary)
  11 kobold zombies (Ossuary)
  6 orc zombies (Ossuary)
  A quokka skeleton (D:4)
  7 rats
  3 rat zombies (Ossuary)
161 creatures vanquished.

Notes
Turn   | Place    | Note
-------+----------+-------------------------------------------
     0 | D:1      | Fang the Gargoyle Berserker began the quest for the Orb.
     0 | D:1      | Reached XP level 1. HP: 14/14 MP: 1/1
    26 | D:1      | Reached XP level 2. HP: 19/19 MP: 2/2
   243 | D:1      | Reached XP level 3. HP: 19/23 MP: 3/3
   365 | D:1      | Reached ** piety under Trog
   828 | D:2      | You fall through a shaft for 2 floors!
   870 | D:4      | Reached XP level 4. HP: 20/29 MP: 4/4
  1088 | D:4      | Noticed a phantom
  1143 | D:4      | Killed a phantom
  1143 | D:4      | Reached XP level 5. HP: 30/34 MP: 5/5
  1191 | D:4      | Found a sand-covered staircase.
  1230 | Ossuary  | Entered an ossuary
  1360 | Ossuary  | Reached XP level 6. HP: 39/39 MP: 6/6
  1414 | Ossuary  | Reached *** piety under Trog
  1431 | Ossuary  | Reached skill level 5 in Fighting
  1439 | Ossuary  | Reached XP level 7. HP: 14/44 MP: 7/7
  2216 | D:4      | Reached skill level 5 in Armour
  2245 | D:4      | Found an ornate altar of the Wu Jian Council.
  2595 | D:3      | Found a shimmering altar of Xom.
  2596 | D:3      | Found a shimmering altar of Xom.
  2596 | D:3      | Found a shimmering altar of Xom.
  2943 | D:3      | Found a blossoming altar of Fedhas.
  3440 | D:5      | Entered Level 5 of the Dungeon
  3466 | D:5      | Reached XP level 8. HP: 51/51 MP: 8/8
  3468 | D:5      | Reached **** piety under Trog
  3581 | D:5      | Found a white marble altar of Elyvilon.
  3709 | D:5      | Reached skill level 5 in Axes
  4554 | D:6      | Found a deep blue altar of Sif Muna.
  4643 | D:6      | HP: 2/52 [orc wizard/puff of flame (11)]
  5108 | D:6      | Found a staircase to the Ecumenical Temple.
  5209 | Temple   | Entered the Ecumenical Temple
  5292 | D:6      | Found a snail-covered altar of Cheibriados.
  5625 | D:7      | Reached XP level 9. HP: 5/56 MP: 9/9
  5626 | D:7      | Shot with an arrow by a centaur

Skill      XL: |  1  2  3  4  5  6  7  8 |
---------------+-------------------------+-----
Dodging        | 2 3 4 |  4.9
Axes           | 3 4 5 |  5.7
Armour         | 3 4 5 6 |  6.5
Fighting       | 4 5 6 |  6.9

Action                   |  1- 3 |  4- 6 |  7- 9 || total
-------------------------+-------+-------+-------++-------
Melee: Hand axe          |   107 |   196 |   298 ||   601
       War axe           |       |       |   126 ||   126
Invok: Trog's Hand       |       |     3 |       ||     3
       Berserk           |       |     3 |     4 ||     7
 Stab: Sleeping          |     1 |       |       ||     1
  Eat: Chunk             |       |     3 |    15 ||    18
       Ration            |       |     1 |     1 ||     2
Armor: Animal skin       |    44 |    89 |   220 ||   353
Dodge: Dodged            |    76 |   123 |   360 ||   559
